 Dungeon Crawl Stone Soup version 0.21.1 (webtiles) character file.

545906 Megalobster the Wrestler (level 26, -13/232 HPs)
             Began as a Ghoul Gladiator on Feb 3, 2018.
             Was an Elder of Okawaru.
             Mangled by a golden dragon (26 damage)
             ... on level 2 of the Realm of Zot on Feb 4, 2018.
             The game lasted 05:30:16 (71954 turns).

Megalobster the Wrestler (Ghoul Gladiator)         Turns: 71954, Time: 05:30:17

Health: -13/232    AC: 31    Str: 27    XL:     26   Next: 14%
Magic:  35/35      EV: 20    Int:  4    God:    Okawaru [****..]
Gold:   2432       SH:  0    Dex: 12    Spells: 25/25 levels left

rFire    + + .     SeeInvis +     - Unarmed
rCold    + + .     Gourm    .   S - +3 buckler {rC+ rF+}
rNeg     + + +     Faith    +   f - +8 chain mail of the Three Deaths {-Cast rElec rF+ rN+}
rPois    ∞         Spirit   .   T - +2 helmet
rElec    +         Reflect  .   K - scarf {cloud immunity}
rCorr    .         Harm     .   (no gloves)
MR       +....     NoCast   +   G - +2 pair of boots {Fly}
Stlth    ..........             C - amulet of faith
HPRegen  0.00/turn              t - ring of see invisible
MPRegen  0.24/turn              O - +3 ring of slaying

@: confused, heroism, rotting
A: rotting body, claws 1, carnivore, cold resistance 1, negative energy
resistance 3, inhibited regeneration, torment resistance, unbreathing
}: 3/15 runes: decaying, slimy, gossamer
a: Heroism, Renounce Religion, Evoke Flight


You were on level 2 of the Realm of Zot.
You worshipped Okawaru.
Okawaru was greatly pleased with you.
You were not hungry.

You visited 10 branches of the dungeon, and saw 48 of its levels.
You visited the Abyss 1 time.

You collected 5810 gold pieces.
You spent 3378 gold pieces at shops.

Inventory:

Hand Weapons
 b - a +8 hunting sling of velocity
 k - the +3 sling "Punk" {acid, rCorr}
   (Okawaru gifted it to you on level 1 of the Orcish Mines)

   It protects you from acid and corrosion.
Missiles
 a - 215 sling bullets
 c - 4 throwing nets {!f}
 e - 22 javelins of returning
 m - 15 javelins of penetration
 s - 3 exploding tomahawks
 y - 25 poisoned tomahawks (quivered)
 J - 5 tomahawks of dispersal
Armour
 f - the +8 chain mail of the Three Deaths (worn) {-Cast rElec rF+ rN+}
   (Okawaru gifted it to you on level 1 of the Vaults)

   It protects you from fire.
   It insulates you from electricity.
   It protects you from negative energy.
   It prevents spellcasting.
 G - a +2 pair of boots of flying (worn)
 K - a scarf of cloud immunity (worn)
 S - a +3 buckler of resistance (worn)
 T - a +2 helmet (worn)
Jewellery
 t - a ring of see invisible (left claw)
 C - an amulet of faith (around neck)
 I - an uncursed ring of protection from fire
 L - a +6 ring of evasion
 O - a +3 ring of slaying (right claw)
Wands
 i - a wand of paralysis (24)
 u - a wand of digging (28)
 v - a wand of enslavement (36)
 A - a wand of flame (94)
 F - a wand of clouds (6)
 H - a wand of acid (30)
 W - a wand of scattershot (9)
 Z - a wand of disintegration (12)
Scrolls
 g - 21 scrolls of remove curse {@r2}
 h - 24 scrolls of teleportation
 j - 9 scrolls of fog
 n - 12 scrolls of fear
 p - 2 scrolls of enchant armour
 z - 2 scrolls of magic mapping
 B - a scroll of blinking
 D - 5 scrolls of identify {@r1}
 P - 5 scrolls of silence
 U - 3 scrolls of summoning
Potions
 l - 3 potions of haste
 o - 15 potions of curing {@q1}
 N - 3 potions of magic
 Q - a potion of invisibility
 R - a potion of brilliance
 V - 5 potions of ambrosia
Miscellaneous
 q - 2 phantom mirrors
 r - a lamp of fire
 w - a lightning rod (4/4)
 M - a phial of floods
Comestibles
 d - 59 rations
 E - 3 chunks of flesh


   Skills:
 + Level 17.8(22.8) Fighting
 - Level 13.0(19.0) Slings
 - Level 8.9(17.0) Throwing
 + Level 15.4(20.4) Armour
 + Level 15.6(20.6) Dodging
 * Level 5.4(10.4) Shields
 * Level 24.5(27) Unarmed Combat
 * Level 19.0 Invocations
 - Level 8.0 Evocations


You had 25 spell levels left.
You didn't know any spells.

Dungeon Overview and Level Annotations

Branches:
Dungeon (15/15)            Temple (1/1) D:7            Lair (6/6) D:9
  Swamp (4/4) Lair:2       Spider (4/4) Lair:3        Slime (5/5) Lair:6
    Orc (2/2) D:9             Elf (0/3) Orc:2        Vaults (4/5) D:13
  Crypt (0/3) Vaults:3     Depths (5/5) D:15            Zot (2/5) Depths:5

Altars:
Cheibriados
Dithmenos
Elyvilon
Fedhas
Hepliaklqana
Kikubaaqudgha
Nemelex Xobeh
Okawaru
Qazlal
Sif Muna
Trog
Uskayaw
Vehumet
Xom
Yredelemnul
Beogh
Jiyva
Lugonu

Shops:
D:7 ?   D:8 ?   D:9 [   Orc:1 *   Orc:2 ::}(**[((   Vaults:2 [   Vaults:3 [(*
Depths:2 [

Portals:
Hell: Depths:1 Depths:2 Depths:3 Depths:4 Depths:5
Abyss: Depths:2 Depths:4
Pandemonium: Depths:1 Depths:3 Depths:5
Ziggurat: Depths:5


Innate Abilities, Weirdness & Mutations

Your body is rotting away.
You thrive on raw meat.
You are immune to poison.
You have sharp fingernails.
You are carnivorous and can eat meat at any time.
Your flesh is cold resistant. (rC+)
You are immune to negative energy. (rN+++)
You do not regenerate when monsters are visible.
You are immune to unholy pain and torment.
You can survive without breathing.


Message History

The golden dragon is severely wounded.
The purple draconian breathes dispelling energy at you.
The bolt of dispelling energy hits you!
You feel strangely stable.
* * * LOW HITPOINT WARNING * * *
You take 44 damage, and have 17/232 hp.
You are confused.
You feel invigorated. The green draconian closely misses you.
The green draconian completely misses you.
The purple draconian hits you but does no damage.
The golden dragon bites you!
* * * LOW HITPOINT WARNING * * *
The golden dragon claws you but does no damage.
The golden dragon tramples you but does no damage.
The purple draconian hits you but does no damage.
You take 7 damage, and have 10/232 hp.
Okay, then.
The golden dragon roars deafeningly!
You hear a roar!
The golden dragon bites you!!
You die...

⌠.# #.#
#......+ .
..# #.#
#.....## ##
..# #.#
#.....# ).
..### #.#
##....# D..
....###.#
##....##...
#.....#.#
#..........
##..⌠...#
#..........
###..#.#
#....d#######
#+##.#
#...D@##.....
..#
#.....d..%...
###
#.....d((...(
##...)##.....
#....# .....
#.....# ####
##....#
#....+ ####+#


You could see 2 golden dragons, a green draconian and 2 draconians.

Vanquished Creatures
  the Royal Jelly (Slime:5)
  A juggernaut (Depths:3)
  Sojobo (Depths:5)
  Bai Suzhen (Vaults:4)
  the Lernaean hydra (Swamp:4)
  Xtahua (Vaults:4)
  6 caustic shrikes
  2 golden dragons
  Nikola (Spider:1)
  Rupert (Lair:4)
  3 liches
  6 tentacled monstrosities
  Asterion (Depths:2)
  A titan (Depths:3)
  3 quicksilver dragons (Zot:1)
  3 sphinxes
  The ghost of PeterLawrence the Tortoise, an adept MiFi of Okawaru (Spider:4)
  32 acid blobs
  Frances (Swamp:2)
  A tentacled starspawn (Abyss:3)
  4 death cobs (Zot:1)
  3 shadow dragons
  Kirke (Swamp:1)
  4 tengu reavers
  2 thorn hunters (Swamp:3)
  3 storm dragons
  6 draconian monks
  12 azure jellies
  A frost giant (shapeshifter) (D:15)
  12 fire giants
  An orc warlord (Orc:1)
  9 vault wardens
  14 frost giants
  A ghost moth (shapeshifter) (Depths:4)
  A draconian knight (Zot:2)
  3 emperor scorpions
  4 ghost moths
  4 deep elf sorcerers
  A draconian stormcaller (Zot:2)
  A balrug (Depths:4)
  A draconian shifter (Depths:5)
  4 spriggan defenders
  14 stone giants
  8 ironheart preservers
  6 very ugly things
  A caustic shrike skeleton (Depths:1)
  5 draconian annihilators
  An entropy weaver (Spider:1)
  6 green draconians
  2 vampire knights
  A deep elf demonologist (Vaults:3)
  A lorocyproca (Depths:5)
  5 deep elf annihilators
  4 white draconians
  3 black draconians
  8 red draconians
  3 purple draconians (Depths:5)
  14 spark wasps
  3 deep elf death magi
  13 ettins
  15 death oozes
  8 fire dragons
  Josephine (Swamp:1)
  5 jiangshi
  6 yaktaur captains
  7 rakshasas
  11 vault guards
  10 great orbs of eyes
  The ghost of SaintRoka the Covert, a journeyman NaFE of Makhleb (D:10)
  20 hydras
  13 ice dragons
  5 spriggan air magi
  2 ghost crabs (Swamp:3)
  5 centaur warriors
  4 death knights
  39 two-headed ogres
  15 alligators
  21 deep troll shamans
  6 orc high priests
  4 tengu warriors
  9 deep troll earth magi
  8 death scarabs (Spider:4)
  6 death yaks
  3 vampire magi
  11 ogre magi
  Urug (Lair:4)
  4 spriggan berserkers
  3 deep elf knights (Vaults:4)
  2 soul eaters
  2 sun demons (Depths:4)
  A shadow wraith (Vaults:3)
  20 hell knights
  3 sixfirhies
  A spectral emperor scorpion (Spider:4)
  8 skeletal warriors
  4 flayed ghosts
  3 wizards
  40 deep trolls
  3 death drakes (Depths:5)
  13 iron trolls
  A spriggan druid (Swamp:3)
  An unseen horror (D:13)
  4 shambling mangroves
  3 glowing orange brains
  17 swamp dragons
  4 phantasmal warriors
  10 ironbrand convokers
  7 spectral wolf spiders (Spider:4)
  Pikel (D:6)
  4 deep elf archers
  5 lindwurms (Depths:5)
  2 wolf spider zombies
  47 ugly things
  A harpy (shapeshifter) (Vaults:2)
  14 orb spiders
  4 shining eyes
  10 necromancers
  15 orc knights
  29 wolf spiders
  2 orc sorcerers
  2 cyclopes (Vaults:1)
  13 deep elf magi
  A salamander (shapeshifter) (Vaults:4)
  3 manticores
  An oklob plant (Lair:1)
  A frost giant zombie (Vaults:1)
  7 moths of wrath
  Joseph (D:9)
  A black mamba (Lair:3)
  15 elephants
  A centaur zombie (D:11)
  A torpor snail (Spider:3)
  A smoke demon (Depths:1)
  An eye of devastation (Slime:3)
  A fire giant skeleton (Vaults:1)
  2 guardian serpents (shapeshifter)
  4 gargoyles
  14 vault sentinels
  Psyche (D:11)
  15 spiny frogs
  2 orc skeletons (Vaults:1)
  The ghost of Frank the Slasher, a novice OpFi (D:4)
  A spectral redback (Spider:4)
  44 yaktaurs
  7 freezing wraiths
  A rime drake (shapeshifter) (Vaults:3)
  An ice devil (Depths:5)
  16 komodo dragons
  A hellion (Depths:1)
  A yaktaur zombie (Vaults:1)
  4 redback zombies
  A red devil (Depths:5)
  3 tengu conjurers
  An elf skeleton (Depths:1)
  7 tyrant leeches
  8 demonic crawlers
  9 trolls
  4 wind drakes (Depths:5)
  27 jumping spiders
  4 polar bears (Lair:6)
  A meliai (shapeshifter) (D:15)
  4 spectral jumping spiders (Spider:4)
  A queen bee (D:12)
  9 blink frogs
  A dream sheep (Lair:6)
  151 slime creatures
  8 hippogriffs
  28 hornets
  18 bog bodies
  A spectral tarantella (Spider:4)
  Prince Ribbit (D:7)
  A raiju (shapeshifter) (Depths:3)
  2 human simulacra
  2 tarantella zombies (Spider:4)
  22 spriggans
  11 wraiths
  A water elemental (D:15)
  64 redbacks
  7 air elementals
  38 tarantellas
  4 wyverns
  2 vampires
  Eustachio (D:6)
  6 shadows
  2 large abominations (Abyss:3)
  A hog (Swamp:1)
  29 yaks
  3 basilisks
  14 vampire mosquitoes
  6 hungry ghosts
  9 insubstantial wisps
  6 wargs
  19 swamp worms
  Edmund (D:5)
  3 elf zombies
  5 acid dragons
  2 soldier ants
  Duvessa (D:7)
  10 water moccasins
  2 spectral hornets (Spider:4)
  2 porcupines (Lair:4)
  13 swamp drakes
  50 orc warriors
  4 black bears
  3 sky beasts
  2 black bears (shapeshifter)
  10 eyes of draining
  2 ice beasts (D:15)
  A phantom (D:8)
  31 ogres
  A centaur (shapeshifter) (Depths:1)
  A human zombie (Vaults:1)
  A human skeleton (Vaults:1)
  A necrophage (D:8)
  16 boggarts
  16 wolves
  12 centaurs
  9 crocodiles
  A big kobold (D:12)
  17 bullfrogs
  A gnoll sergeant (D:7)
  A wyvern zombie (D:9)
  Dowan (D:7)
  A scorpion (shapeshifter) (Depths:5)
  6 scorpions
  26 killer bees
  An orc simulacrum (Vaults:1)
  4 wights
  The ghost of rlgrobin the Skirmisher, a weakling DsFi (D:3)
  An electric eel (Lair:1)
  A howler monkey (D:9)
  12 crimson imps
  6 bullfrog zombies
  5 jellies
  A quasit (D:10)
  7 hounds
  47 orc priests
  A gnoll shaman (Orc:1)
  4 iguanas
  An iron imp (Depths:2)
  4 bullfrog skeletons
  28 orc wizards
  11 worker ants
  A killer bee zombie (D:6)
  A hound skeleton (D:4)
  A mummy (D:8)
  A howler monkey zombie (D:8)
  11 gnolls
  2 howler monkey skeletons
  14 adders
  5 shadow imps
  A dart slug (D:2)
  A worm (D:6)
  3 leopard geckos
  81 orcs
  2 giant cockroaches
  7 goblins
  6 hobgoblins
  8 jackals
  18 kobolds
  3 quokkas
  A ball python (D:4)
  6 bats
  3 frilled lizards
  A quokka zombie (D:7)
  7 rats
  A butterfly (Lair:5)
  A fungus (Depths:3)
  2 plants
  A starspawn tentacle (Abyss:3)
2061 creatures vanquished.

Vanquished Creatures (collateral kills)
  A warg (Orc:1)
  3 orcs (Orc:1)
4 creatures vanquished.

Vanquished Creatures (others)
  A jumping spider (Spider:1)
  A tyrant leech (Swamp:1)
  A hornet (Swamp:4)
  2 redbacks (Spider:1)
  A spriggan (Swamp:4)
  A human (Swamp:2)
  A swamp worm (Swamp:3)
  A floating eye (Depths:5)
  A slave (D:6)
  2 orc warriors (Orc:1)
  3 boggarts
  A centaur skeleton (D:6)
  An orc (D:13)
  22 fungi
  11 plants
  4 starspawn tentacles (Abyss:3)
54 creatures vanquished.

Grand Total: 2119 creatures vanquished

Notes
Turn   | Place    | Note
-------+----------+-------------------------------------------
     0 | D:1      | Megalobster the Ghoul Gladiator began the quest for the Orb.
     0 | D:1      | Reached XP level 1. HP: 17/17 MP: 0/0
   149 | D:1      | Reached XP level 2. HP: 24/24 MP: 1/1
   229 | D:1      | Reached skill level 4 in Unarmed Combat
   731 | D:2      | Reached XP level 3. HP: 28/29 MP: 2/2
   747 | D:2      | Found a basalt altar of Yredelemnul.
   910 | D:2      | Found an iron altar of Okawaru.
   961 | D:2      | Became a worshipper of Warmaster Okawaru
   980 | D:2      | Reached skill level 1 in Shields
  1107 | D:2      | Found a white marble altar of Elyvilon.
  1150 | D:2      | Found a hazy altar of Hepliaklqana.
  1258 | D:2      | Found a radiant altar of Vehumet.
  1386 | D:3      | Noticed rlgrobin's ghost (weakling DsFi)
  1403 | D:3      | Killed rlgrobin's ghost
  1403 | D:3      | Reached skill level 5 in Unarmed Combat
  1403 | D:3      | Reached skill level 1 in Invocations
  1403 | D:3      | Reached XP level 4. HP: 19/36 MP: 3/3
  2035 | D:3      | Found a snail-covered altar of Cheibriados.
  2097 | D:3      | Reached XP level 5. HP: 33/42 MP: 5/5
  2442 | D:3      | Found a sparkling altar of Nemelex Xobeh.
  2663 | D:4      | Reached * piety under Okawaru
  2663 | D:4      | Reached XP level 6. HP: 45/50 MP: 6/6
  2807 | D:4      | Noticed Frank's ghost (novice OpFi)
  2822 | D:4      | Killed Frank's ghost
  2822 | D:4      | Reached skill level 1 in Armour
  2822 | D:4      | Reached skill level 6 in Unarmed Combat
  2822 | D:4      | Reached XP level 7. HP: 31/57 MP: 7/7
  3268 | D:4      | Found a bloodstained altar of Trog.
  3776 | D:5      | Entered Level 5 of the Dungeon
  3776 | D:5      | Noticed Edmund
  3793 | D:5      | Killed Edmund
  3793 | D:5      | Reached XP level 8. HP: 65/65 MP: 9/9
  3935 | D:5      | Found a shimmering altar of Xom.
  3988 | D:5      | Reached ** piety under Okawaru
  3988 | D:5      | Reached skill level 7 in Unarmed Combat
  4748 | D:6      | Noticed Eustachio
  4774 | D:6      | Killed Eustachio
  4794 | D:6      | Noticed Pikel
  4810 | D:6      | Killed Pikel
  4810 | D:6      | Reached *** piety under Okawaru
  4810 | D:6      | Reached skill level 8 in Unarmed Combat
  4810 | D:6      | Reached XP level 9. HP: 70/73 MP: 9/11
  5277 | D:6      | Reached skill level 5 in Fighting
  5575 | D:7      | Noticed Prince Ribbit
  5612 | D:7      | Killed Prince Ribbit
  6031 | D:7      | Found Xalad's Magic Scroll Boutique.
  6036 | D:7      | Bought a scroll of blinking for 82 gold pieces
  6036 | D:7      | Bought a scroll of identify for 22 gold pieces
  6036 | D:7      | Bought a scroll of remove curse for 33 gold pieces
  6036 | D:7      | Bought a scroll of enchant armour for 82 gold pieces
  6036 | D:7      | Bought a scroll of fear for 38 gold pieces
  6036 | D:7      | Bought a scroll of teleportation for 33 gold pieces
  6036 | D:7      | Bought a scroll of teleportation for 33 gold pieces
  6036 | D:7      | Bought a scroll of identify for 22 gold pieces
  6036 | D:7      | Bought a scroll of identify for 22 gold pieces
  6130 | D:7      | Reached **** piety under Okawaru
  6130 | D:7      | Reached skill level 5 in Dodging
  6130 | D:7      | Reached skill level 5 in Invocations
  6392 | D:7      | Noticed a troll
  6402 | D:7      | Reached skill level 9 in Unarmed Combat
  6405 | D:7      | Killed a troll
  6418 | D:7      | Reached XP level 10. HP: 63/83 MP: 13/13
  6521 | D:7      | Noticed Dowan
  6522 | D:7      | Noticed Duvessa
  6527 | D:7      | Killed Duvessa
  6533 | D:7      | Killed Dowan
  6558 | D:7      | Found a staircase to the Ecumenical Temple.
  6621 | Temple   | Entered the Ecumenical Temple
  7048 | D:7      | Noticed a two-headed ogre
  7197 | D:7      | Killed a two-headed ogre
  7197 | D:7      | Reached ***** piety under Okawaru
  7439 | D:8      | Found a blossoming altar of Fedhas.
  7495 | D:8      | Reached skill level 10 in Unarmed Combat
  7496 | D:8      | Found a blossoming altar of Fedhas.
  7670 | D:8      | Noticed a hand axe
  7670 | D:8      | Noticed a dagger
  7671 | D:8      | Found a hide-covered altar of Uskayaw.
  7745 | D:8      | Found a sparkling altar of Nemelex Xobeh.
  7791 | D:8      | Found Ciwnumas's Magic Scroll Emporium.
  7799 | D:8      | Bought a scroll of random uselessness for 13 gold pieces
  7805 | D:8      | Bought a scroll of identify for 26 gold pieces
  7805 | D:8      | Bought a scroll of identify for 26 gold pieces
  7805 | D:8      | Bought a scroll of identify for 26 gold pieces
  7924 | D:8      | Noticed a two-headed ogre
  7938 | D:8      | Killed a two-headed ogre
  7938 | D:8      | Received a gift from Okawaru
  7938 | D:8      | Reached skill level 5 in Armour
  8165 | D:9      | Found a deep blue altar of Sif Muna.
  8220 | D:9      | Found a staircase to the Lair.
  8288 | D:9      | Reached XP level 11. HP: 74/91 MP: 14/14
  8337 | D:9      | Found Anisuq Diff's Armour Shoppe.
  8369 | D:9      | Noticed Joseph
  8396 | D:9      | Killed Joseph
  9026 | D:9      | Found a staircase to the Orcish Mines.
  9157 | D:10     | Entered Level 10 of the Dungeon
  9257 | D:10     | Received a gift from Okawaru
  9706 | D:10     | Reached skill level 11 in Unarmed Combat
  9736 | D:10     | Noticed SaintRoka's ghost (journeyman NaFE)
  9756 | D:10     | Killed SaintRoka's ghost
  9966 | Lair:1   | Entered Level 1 of the Lair of Beasts
 10231 | Lair:1   | Noticed an oklob plant
 10252 | Lair:1   | Killed an oklob plant
 10481 | Lair:1   | Received a gift from Okawaru
 11386 | Lair:2   | Reached skill level 5 in Throwing
 11416 | Lair:2   | Received a gift from Okawaru
 11427 | Lair:2   | Reached skill level 1 in Evocations
 11632 | Lair:2   | Found a staircase to the Swamp.
 12271 | Lair:3   | Reached XP level 12. HP: 98/101 MP: 13/16
 12391 | Lair:3   | Found a hole to the Spider Nest.
 13012 | Lair:4   | Noticed Urug
 13025 | Lair:4   | Killed Urug
 13312 | Lair:4   | Reached skill level 12 in Unarmed Combat
 13635 | Lair:4   | Noticed Rupert
 13641 | Lair:4   | Paralysed by Rupert for 4 turns
 13665 | Lair:4   | Killed Rupert
 13665 | Lair:4   | Received a gift from Okawaru
 14824 | Lair:5   | Reached XP level 13. HP: 89/108 MP: 12/18
 15368 | Lair:5   | Received a gift from Okawaru
 15368 | Lair:5   | Reached skill level 5 in Evocations
 15557 | Lair:5   | Identified 2 scrolls of acquirement
 15871 | Lair:6   | Entered Level 6 of the Lair of Beasts
 15999 | Lair:6   | Found a viscous altar of Jiyva.
 15999 | Lair:6   | Found a staircase to the Slime Pits.
 16019 | Lair:5   | Received a gift from Okawaru
 16224 | Lair:5   | Reached skill level 13 in Unarmed Combat
 16599 | Lair:6   | Received a gift from Okawaru
 16939 | Lair:6   | Received a gift from Okawaru
 17298 | Lair:6   | Reached XP level 14. HP: 67/118 MP: 15/20
 18399 | Lair:6   | Got a steaming granite ring
 18774 | D:9      | Identified the cursed ring of Bapponuq {rN+ Int-2 Dex+3 Stlth+} (You found it on level 6 of the Lair of Beasts)
 18858 | Orc:1    | Entered Level 1 of the Orcish Mines
 19179 | Orc:1    | Found Woquug's General Store.
 19269 | Orc:1    | Noticed an orc warlord
 19355 | Orc:1    | Received a gift from Okawaru
 19356 | Orc:1    | Found the +3 sling "Punk" {acid, rCorr}
 19404 | Orc:1    | Killed an orc warlord
 19404 | Orc:1    | Reached skill level 14 in Unarmed Combat
 19685 | Orc:1    | Found a roughly hewn altar of Beogh.
 20093 | Orc:1    | Reached skill level 10 in Fighting
 20514 | Orc:1    | Found a roughly hewn altar of Beogh.
 20688 | Orc:2    | Entered Level 2 of the Orcish Mines
 20689 | Orc:2    | Paralysed by an orc sorcerer for 6 turns
 20795 | Orc:2    | Found Jecwes's Weapon Boutique.
 21017 | Orc:2    | Found Gucaf's Gadget Shop.
 21087 | Orc:2    | Found a staircase to the Elven Halls.
 21096 | Orc:2    | Found Lyamot's Assorted Antiques.
 21105 | Orc:2    | Bought a scroll of identify for 64 gold pieces
 21105 | Orc:2    | Bought a scroll labeled XUMEDO WUSYU for 32 gold pieces
 21125 | Orc:2    | Found Iziuwum's Book Boutique.
 21290 | Orc:2    | Found Hejavo's Book Shop.
 22080 | Orc:2    | Reached skill level 10 in Invocations
 22685 | Orc:2    | Received a gift from Okawaru
 23072 | Orc:2    | Found Suug's General Store.
 23072 | Orc:2    | Found Voxoq's Armour Emporium.
 23073 | Orc:2    | Found Xuproukk's Antique Weapon Emporium.
 23073 | Orc:2    | Found Couxt's Antique Weapon Shoppe.
 23080 | Orc:2    | Bought a potion of might for 60 gold pieces
 23206 | Orc:2    | Bought a potion of heal wounds for 160 gold pieces
 23206 | Orc:2    | Bought a potion of heal wounds for 160 gold pieces
 23287 | Orc:1    | Bought a scroll of summoning for 152 gold pieces
 23287 | Orc:1    | Bought a potion of haste for 160 gold pieces
 23287 | Orc:1    | Bought a scroll of fear for 56 gold pieces
 23287 | Orc:1    | Bought a potion of heal wounds for 80 gold pieces
 23848 | D:11     | Noticed Psyche
 23859 | D:11     | Killed Psyche
 24549 | D:11     | Reached XP level 15. HP: 87/126 MP: 18/21
 25021 | D:12     | Found a shadowy altar of Dithmenos.
 25029 | D:12     | Received a gift from Okawaru
 25029 | D:12     | Reached skill level 15 in Unarmed Combat
 25997 | D:13     | Received a gift from Okawaru
 26316 | D:13     | Found a gate to the Vaults.
 28223 | D:14     | Received a gift from Okawaru
 28542 | D:14     | Received a gift from Okawaru
 28665 | D:14     | Got a faintly glowing trident
 28684 | D:13     | Identified the +6 trident "Lann" {pierce, rPois MR+++ Int+3 Stlth+} (You found it on level 14 of the Dungeon)
 29059 | D:15     | Entered Level 15 of the Dungeon
 29127 | D:15     | Reached skill level 16 in Unarmed Combat
 29159 | D:15     | Noticed a ghost moth
 29159 | D:15     | a spark wasp changed into a ghost moth
 29160 | D:15     | a ghost moth changed into a queen ant
 29161 | D:15     | Noticed a storm dragon
 29161 | D:15     | a queen ant changed into a storm dragon
 29171 | D:15     | Found a staircase to the Depths.
 29172 | D:15     | Noticed an azure jelly
 29172 | D:15     | a storm dragon changed into an azure jelly
 29182 | D:15     | Noticed a frost giant
 29182 | D:15     | an azure jelly changed into a frost giant
 29194 | D:15     | Killed a frost giant
 29194 | D:15     | Received a gift from Okawaru
 29507 | D:15     | Reached XP level 16. HP: 100/136 MP: 17/23
 29828 | D:15     | Received a gift from Okawaru
 30511 | Swamp:1  | Entered Level 1 of the Swamp
 30525 | Lair:2   | Reached skill level 1 in Slings
 31581 | Swamp:1  | Noticed Josephine
 31595 | Swamp:1  | Killed Josephine
 31737 | Swamp:1  | Received a gift from Okawaru
 31745 | Swamp:1  | Got a bloodstained demon trident {god gift}
 31753 | Swamp:1  | Identified the +7 demon trident of Okawaru's Fury {pain, Str+2} (Okawaru gifted it to you on level 1 of the Swamp)
 31965 | Swamp:2  | Noticed Frances
 32048 | Swamp:2  | Noticed Kirke
 32080 | Swamp:1  | Killed Kirke
 32293 | Swamp:2  | Reached skill level 10 in Dodging
 32379 | Swamp:2  | Got a shimmering chain mail
 32529 | Swamp:2  | Killed Frances
 32529 | Swamp:2  | Reached skill level 17 in Unarmed Combat
 32572 | Swamp:1  | Identified the +1 chain mail "Elory" {Regen+} (You found it on level 2 of the Swamp)
 33483 | Swamp:3  | Received a gift from Okawaru
 33718 | Swamp:3  | Noticed a thorn hunter
 33729 | Swamp:3  | Killed a thorn hunter
 33729 | Swamp:3  | Reached skill level 5 in Slings
 33729 | Swamp:3  | Reached XP level 17. HP: 100/144 MP: 23/25
 33815 | Swamp:3  | Received a gift from Okawaru
 33969 | Swamp:3  | Received a gift from Okawaru
 34399 | Swamp:4  | Entered Level 4 of the Swamp
 34542 | Swamp:4  | Received a gift from Okawaru
 34594 | Swamp:4  | Reached skill level 10 in Armour
 35236 | Swamp:4  | Noticed the 27-headed Lernaean hydra
 35245 | Swamp:4  | Killed the 27-headed Lernaean hydra
 35272 | Swamp:4  | Got a decaying rune of Zot
 35294 | Swamp:4  | Received a gift from Okawaru
 35439 | Swamp:4  | Received a gift from Okawaru
 36067 | Spider:1 | Entered Level 1 of the Spider Nest
 36150 | Spider:1 | Reached skill level 18 in Unarmed Combat
 36243 | Spider:1 | Noticed Nikola
 36930 | Spider:1 | Killed Nikola
 37606 | Spider:2 | Reached XP level 18. HP: 114/155 MP: 24/26
 37642 | Spider:2 | Received a gift from Okawaru
 37901 | Spider:2 | Received a gift from Okawaru
 40331 | Spider:4 | Entered Level 4 of the Spider Nest
 40369 | Spider:4 | Received a gift from Okawaru
 40480 | Spider:4 | Received a gift from Okawaru
 41201 | Spider:4 | Received a gift from Okawaru
 41535 | Spider:4 | Noticed PeterLawrence's ghost (adept MiFi)
 41816 | Spider:4 | Killed PeterLawrence's ghost
 41816 | Spider:4 | Received a gift from Okawaru
 42175 | Spider:4 | Reached skill level 19 in Unarmed Combat
 42222 | Spider:4 | Received a gift from Okawaru
 42222 | Spider:4 | Reached XP level 19. HP: 88/163 MP: 4/27
 42457 | Spider:4 | Received a gift from Okawaru
 42468 | Spider:4 | Got a gossamer rune of Zot
 42815 | Vaults:1 | Entered Level 1 of the Vaults
 43076 | Vaults:1 | Reached skill level 10 in Slings
 43352 | Vaults:1 | Received a gift from Okawaru
 43355 | Vaults:1 | Got an ichor-stained chain mail {god gift}
 43380 | Vaults:1 | Identified the +8 chain mail of the Three Deaths {-Cast rElec rF+ rN+} (Okawaru gifted it to you on level 1 of the Vaults)
 44654 | Vaults:1 | Cast into level 3 of the Abyss (a deep elf sorcerer)
 44780 | Vaults:1 | Escaped the Abyss
 45798 | Vaults:2 | Paralysed by a sphinx for 6 turns
 45869 | Vaults:2 | Received a gift from Okawaru
 46085 | Vaults:2 | Reached XP level 20. HP: 147/173 MP: 24/28
 46226 | Vaults:2 | Reached skill level 20 in Unarmed Combat
 46597 | Vaults:2 | Received a gift from Okawaru
 46604 | Vaults:2 | Got a fine ring mail {god gift}
 46717 | Vaults:2 | Identified the +1 ring mail of Ceafi {rC- rN+ Str+3 SInv} (Okawaru gifted it to you on level 2 of the Vaults)
 46928 | Vaults:2 | Found Ezuhifogac's Armour Emporium.
 48245 | Vaults:3 | Found Kuli's Antique Armour Shoppe.
 48259 | Vaults:3 | Found Elun's Weapon Shoppe.
 48283 | Vaults:3 | Bought a shiny buckler for 217 gold pieces
 48294 | Vaults:3 | Bought a heavily runed ring mail for 261 gold pieces
 48294 | Vaults:3 | Identified the +6 ring mail "Tocawn" {rN++ Str-3 Dex+5} (You bought it in a shop on level 3 of the Vaults)
 48361 | Vaults:3 | Found Weseloixt's General Store.
 48368 | Vaults:3 | Bought a potion of heal wounds for 105 gold pieces
 48612 | Vaults:3 | Paralysed by a great orb of eyes for 6 turns
 48632 | Vaults:3 | Received a gift from Okawaru
 48958 | Vaults:3 | Received a gift from Okawaru
 49061 | Vaults:3 | Received a gift from Okawaru
 49540 | Vaults:3 | Found a staircase to the Crypt.
 49820 | Vaults:4 | Received a gift from Okawaru
 49851 | Vaults:4 | Received a gift from Okawaru
 49854 | Vaults:4 | Got a pair of blackened gloves {god gift}
 49855 | Vaults:4 | Identified the +0 pair of gloves "Riestra" {*Slow rPois rC++ SInv} (Okawaru gifted it to you on level 4 of the Vaults)
 50342 | Vaults:4 | Reached XP level 21. HP: 182/182 MP: 26/29
 50419 | Vaults:4 | Noticed Xtahua
 50431 | Vaults:4 | Paralysed by Xtahua for 3 turns
 50441 | Vaults:4 | Killed Xtahua
 50502 | Vaults:4 | Noticed Bai Suzhen
 50514 | Vaults:4 | Killed Bai Suzhen
 51997 | Vaults:4 | Received a gift from Okawaru
 51997 | Vaults:4 | Reached skill level 21 in Unarmed Combat
 52654 | Depths:1 | Entered Level 1 of the Depths
 52868 | Depths:1 | Found a one-way gate leading to the halls of Pandemonium.
 52912 | Depths:1 | Found a gateway to Hell.
 52945 | Depths:1 | Received a gift from Okawaru
 53439 | Depths:1 | Received a gift from Okawaru
 53455 | Depths:1 | Reached skill level 15 in Fighting
 53690 | Depths:1 | Received a gift from Okawaru
 54001 | Depths:1 | Received a gift from Okawaru
 54129 | Depths:1 | Received a gift from Okawaru
 54282 | Depths:1 | Found a runed door.
 54450 | Depths:2 | Reached XP level 22. HP: 192/192 MP: 29/31
 54465 | Depths:2 | Received a gift from Okawaru
 54660 | Depths:2 | Found a corrupted altar of Lugonu.
 54671 | Depths:2 | Found a one-way gate to the infinite horrors of the Abyss.
 54983 | Depths:2 | Received a gift from Okawaru
 55040 | Depths:2 | Noticed Asterion
 55050 | Depths:2 | Killed Asterion
 55522 | Depths:2 | Found Vuleet's Antique Armour Emporium.
 56022 | Depths:3 | Received a gift from Okawaru
 56269 | Depths:3 | Received a gift from Okawaru
 56386 | Depths:3 | Found an ancient bone altar of Kikubaaqudgha.
 56386 | Depths:3 | Found a snail-covered altar of Cheibriados.
 56387 | Depths:3 | Found a stormy altar of Qazlal.
 56755 | Depths:3 | Got a slimy chain mail
 56756 | Depths:3 | Identified the +8 chain mail of the Kangaroo {+Blink rCorr} (You found it on level 3 of the Depths)
 56895 | Depths:3 | Noticed a golden dragon
 56900 | Depths:3 | Killed a golden dragon
 56900 | Depths:3 | Reached skill level 22 in Unarmed Combat
 57144 | Depths:3 | Received a gift from Okawaru
 57203 | Depths:3 | Received a gift from Okawaru
 57273 | Depths:3 | Reached XP level 23. HP: 169/200 MP: 33/33
 57298 | Depths:3 | Reached skill level 15 in Invocations
 57342 | Depths:3 | Received a gift from Okawaru
 57383 | Depths:3 | Got a crystal scimitar {freeze}
 57384 | Depths:3 | Identified the +5 scimitar of Duty {freeze, Dex+7} (You took it off a spriggan berserker on level 3 of the Depths)
 57488 | Depths:3 | Got an encrusted buckler {god gift}
 57489 | Depths:3 | Identified the +0 buckler of Gluttony {rElec MP+9 Int+2} (Okawaru gifted it to you on level 3 of the Depths)
 57513 | Depths:3 | Got a pitted trident {drain}
 57514 | Depths:3 | Identified the +8 trident of Disorder {drain, +Blink rPois Int-2 Stlth+} (You took it off a spriggan air mage on level 3 of the Depths)
 57660 | Depths:3 | Got a twisted ring mail
 57661 | Depths:3 | Identified the +5 ring mail of the Cicada {MR+ Str+3 Stlth+} (You found it on level 3 of the Depths)
 57699 | Depths:3 | Got a spiked ring mail
 57700 | Depths:3 | Identified the +2 ring mail "Etyxtapo" {Dex+2} (You found it on level 3 of the Depths)
 58000 | Depths:4 | Noticed a juggernaut
 58000 | Depths:4 | Noticed a caustic shrike
 58019 | Depths:3 | Killed a caustic shrike
 58142 | Depths:3 | Killed a juggernaut
 58329 | Depths:4 | Received a gift from Okawaru
 58408 | Depths:4 | Got a scorched golden amulet
 58409 | Depths:4 | Identified the amulet "Wiceaf" {Inacc rF+ Str+7} (You found it on level 4 of the Depths)
 58587 | Depths:4 | Received a gift from Okawaru
 58717 | Depths:4 | Received a gift from Okawaru
 58991 | Depths:4 | Received a gift from Okawaru
 59554 | Depths:4 | Got an ancient ring mail
 59555 | Depths:4 | Identified the +1 ring mail of Imperfection {rPois Dex-5 Slay+3} (You found it on level 4 of the Depths)
 59898 | Depths:5 | Entered Level 5 of the Depths
 59948 | Depths:4 | Received a gift from Okawaru
 59981 | Depths:5 | Noticed a caustic shrike
 59986 | Depths:5 | Noticed a caustic shrike
 60002 | Depths:4 | Killed a caustic shrike
 60274 | Depths:4 | Reached XP level 24. HP: 110/212 MP: 34/34
 60472 | Depths:5 | Received a gift from Okawaru
 60509 | Depths:5 | Noticed Sojobo
 60548 | Depths:4 | Reached skill level 23 in Unarmed Combat
 60856 | Depths:5 | Noticed a caustic shrike
 60861 | Depths:5 | Killed a caustic shrike
 60874 | Depths:5 | Killed a caustic shrike
 60874 | Depths:5 | Received a gift from Okawaru
 60909 | Depths:5 | Killed Sojobo
 60909 | Depths:5 | Received a gift from Okawaru
 61167 | Depths:5 | Paralysed by a floating eye for 3 turns
 61173 | Depths:5 | Paralysed by a floating eye for 3 turns
 61187 | Depths:5 | Received a gift from Okawaru
 61792 | Depths:5 | Received a gift from Okawaru
 62448 | Depths:5 | Found a gate to the Realm of Zot.
 62644 | Depths:5 | Got a fine scale mail
 62645 | Depths:5 | Identified the +3 scale mail of the Gloaming {rC+ Int+4 Dex+3} (You found it on level 5 of the Depths)
 62701 | Depths:5 | Noticed a caustic shrike
 62705 | Depths:5 | Noticed a caustic shrike
 62708 | Depths:5 | Killed a caustic shrike
 62717 | Depths:5 | Killed a caustic shrike
 63027 | Depths:5 | Found a gateway to a ziggurat.
 63636 | Slime:1  | Entered Level 1 of the Pits of Slime
 63854 | Slime:1  | Received a gift from Okawaru
 63957 | Slime:2  | Received a gift from Okawaru
 63957 | Slime:2  | Reached skill level 15 in Dodging
 64188 | Slime:3  | Reached XP level 25. HP: 194/221 MP: 34/34
 64719 | Slime:2  | Received a gift from Okawaru
 65620 | Slime:1  | Received a gift from Okawaru
 66613 | Slime:1  | Reached skill level 24 in Unarmed Combat
 66841 | Slime:4  | Received a gift from Okawaru
 66947 | Slime:4  | Reached skill level 15 in Armour
 67131 | Slime:3  | Received a gift from Okawaru
 67606 | Slime:5  | Entered Level 5 of the Pits of Slime
 68049 | Slime:5  | Found a viscous altar of Jiyva.
 68050 | Slime:5  | Noticed the Royal Jelly
 68053 | Slime:5  | Found the +7 great mace "Firestarter" {inner flame, rF++}
 68058 | Slime:5  | Received a gift from Okawaru
 68097 | Slime:5  | Killed the Royal Jelly
 68097 | Slime:5  | Received a gift from Okawaru
 69036 | Slime:5  | Received a gift from Okawaru
 69071 | Slime:5  | Got a slimy rune of Zot
 69073 | Slime:5  | Got a jewelled ring mail
 69115 | Slime:5  | Identified Atust's Reference Book on Creative Attacks
 69188 | Slime:5  | Identified the cursed +1 ring mail of the Storm King {rF+} (You found it on level 5 of the Pits of Slime)
 69529 | D:8      | Bought a scroll of teleportation for 39 gold pieces
 69529 | D:8      | Bought a scroll of teleportation for 39 gold pieces
 69529 | D:8      | Bought a scroll of enchant armour for 97 gold pieces
 69529 | D:8      | Bought a scroll of identify for 26 gold pieces
 69529 | D:8      | Bought a scroll of enchant armour for 97 gold pieces
 69576 | D:7      | Bought a scroll of silence for 82 gold pieces
 69682 | Orc:1    | Bought a scroll of enchant weapon for 120 gold pieces
 69806 | Orc:2    | Bought 2 potions of curing for 90 gold pieces
 69806 | Orc:2    | Bought a potion of curing for 45 gold pieces
 69806 | Orc:2    | Bought a scroll of enchant armour for 112 gold pieces
 69806 | Orc:2    | Bought a wand of digging (15) for 570 gold pieces
 69914 | Orc:2    | Bought a potion of curing for 96 gold pieces
 70408 | Zot:1    | Entered Level 1 of the Realm of Zot
 70817 | Zot:1    | Received a gift from Okawaru
 71233 | Zot:1    | Received a gift from Okawaru
 71233 | Zot:1    | Reached XP level 26. HP: 220/232 MP: 35/35
 71366 | Zot:1    | Received a gift from Okawaru
 71366 | Zot:1    | Reached skill level 5 in Shields
 71953 | Zot:2    | HP: 10/232 [golden dragon (12)]
 71954 | Zot:2    | Mangled by a golden dragon

Skill      XL: |  1  2  3  4  5  6  7  8  9 10 11 12 13 14 15 16 17 18 19 20 21 22 23 24 25 26 |
---------------+-------------------------------------------------------------------------------+-----
Unarmed Combat | 4 5 6 8 9 10 11 12 13 14 16 17 18 19 20 21 22 23 24 | 24.5
Shields        | 1 2 3 4 5 |  5.4
Invocations    | 1 2 3 4 5 6 7 8 9 10 11 12 13 14 16 17 18 19 | 19.0
Dodging        | 3 4 5 6 7 8 9 10 11 12 13 14 15 | 15.6
Fighting       | 3 4 5 6 7 8 9 10 11 12 13 14 15 16 17 | 17.8
Armour         | 1 2 3 4 5 6 7 8 9 10 11 12 13 14 15 | 15.4
Throwing       | 3 4 5 6 8 |  8.9
Evocations     | 1 4 6 8 |  8.0
Slings         | 5 7 9 11 12 13 | 13.0

Action                   |  1- 3 |  4- 6 |  7- 9 | 10-12 | 13-15 | 16-18 | 19-21 | 22-24 | 25-27 || total
-------------------------+-------+-------+-------+-------+-------+-------+-------+-------+-------++-------
Melee: Unarmed           |   102 |   103 |   355 |   648 |  1358 |   856 |  1026 |   993 |   449 ||  5890
 Fire: Fustibalus        |       |       |       |       |    83 |   906 |   882 |   768 |   217 ||  2856
       Hunting sling     |       |       |       |       |       |       |       |       |   122 ||   122
Throw: Stone             |       |       |    10 |    34 |       |       |       |       |       ||    44
       Tomahawk          |       |       |    11 |    64 |   211 |   142 |       |       |     4 ||   432
       Javelin           |       |       |       |     5 |    15 |     9 |    71 |    98 |    17 ||   215
       Throwing net      |       |       |       |     1 |       |       |       |       |       ||     1
Invok: Heroism           |       |       |    11 |    29 |    63 |    85 |    75 |    66 |    33 ||   362
       Finesse           |       |       |       |     7 |    23 |    15 |    16 |    25 |     4 ||    90
 Abil: Stop Flying       |       |       |       |       |     1 |     1 |     1 |       |       ||     3
       Evoke Flight      |       |       |       |       |       |     1 |       |       |       ||     1
Evoke: Wand              |       |       |       |       |    32 |     4 |     2 |       |     1 ||    39
       Phial of floods   |       |       |       |       |       |       |     1 |     1 |       ||     2
       Lightning rod     |       |       |       |       |       |       |       |       |     4 ||     4
       Lamp of fire      |       |       |       |       |       |       |       |       |     1 ||     1
  Use: Scroll            |     3 |     3 |     6 |     8 |    17 |     8 |    10 |    11 |    15 ||    81
       Potion            |       |       |       |     1 |     4 |    13 |     5 |     3 |     5 ||    31
 Stab: Invisible         |       |       |       |       |       |     3 |       |     2 |       ||     5
  Eat: Chunk             |     3 |     4 |    12 |    37 |    58 |    48 |    34 |    28 |    14 ||   238
       Ration            |       |       |     1 |       |       |     1 |     3 |       |    11 ||    16
Armor: Leather armour    |    23 |    21 |       |       |       |       |       |       |       ||    44
       Ring mail         |       |    15 |    96 |   142 |   189 |   213 |     7 |       |       ||   662
       Chain mail        |       |       |       |       |       |       |   293 |   260 |   202 ||   755
Dodge: Dodged            |    41 |    56 |   137 |   274 |   694 |  1018 |   759 |   547 |   390 ||  3916
Block: Buckler           |    10 |    27 |    52 |    89 |   248 |   278 |   241 |   212 |   175 ||  1332
